[Event "December 5 Late 2023"]
[Site "https://www.chess.com"]
[Date "2023.12.05"]
[Round "4"]
[White "Urbina Perez, Juan Antonio"]
[Black "Sattarov, Bobir"]
[Result "0-1"]
[Board "54"]
[TimeControl "180+1"]
[WhiteFideId "2217368"]
[BlackFideId "14203081"]
[WhiteElo "2528"]
[BlackElo "2727"]
[WhiteTeam "ESP"]
[BlackTeam "UZB"]
[WhiteClock "0:00:22"]
[BlackClock "0:00:40"]

1. e4 e5 2. Nf3 Nc6 3. Bc4 Bc5 4. d3 d6 5. a4 a6 6. Be3 h6 7. Bxc5 dxc5 8. Bd5 Nge7 9. Nc3 O-O 10. O-O Qd6 11. h3 Nd4 12. Ba2 Ng6 13. Nxd4 cxd4 14. Ne2 Nh4 15. Ng3 Qf6 16. Qh5 Ng6 17. Ne2 Be6 18. f4 exf4 19. Qf3 Bxa2 20. Rxa2 Qe6 21. Raa1 f5 22. Nxf4 Nxf4 23. Qxf4 fxe4 24. Qxe4 Qxe4 25. dxe4 c5 26. b3 b6 27. Rae1 Rae8 28. Rxf8+ Kxf8 29. Kf2 Ke7 30. Ke2 Rf8 31. c3 Rd8 32. Rc1 Ke6 33. Rd1 Ke5 34. Kf3 dxc3 35. Rxd8 c2 36. Re8+ Kf6 0-1

[Event "December 5 Late 2023"]
[Site "https://www.chess.com"]
[Date "2023.12.05"]
[Round "4"]
[White "Krzyzanowski, Marcin"]
[Black "Grutter, Tim"]
[Result "1-0"]
[Board "55"]
[TimeControl "180+1"]
[WhiteFideId "1132199"]
[BlackFideId "1057472"]
[WhiteElo "2720"]
[BlackElo "2527"]
[WhiteTeam "POL"]
[BlackTeam "NED"]
[WhiteClock "0:00:04"]
[BlackClock "0:00:01"]

1. e4 c6 2. d4 d5 3. e5 c5 4. Nf3 cxd4 5. Qxd4 Nc6 6. Qf4 e6 7. Bd3 Bc5 8. Qg3 g6 9. h4 h5 10. Bg5 Be7 11. Nc3 Bxg5 12. Nxg5 Nge7 13. O-O Nd4 14. Qf4 Ndf5 15. Rad1 Bd7 16. Rfe1 Rc8 17. Bxf5 gxf5 18. Qg3 Qb6 19. b3 Qb4 20. Ne2 Rxc2 21. Nd4 Rc3 22. Qf4 Ng6 23. Qd2 a5 24. Nxf5 exf5 25. e6 fxe6 26. Nxe6 Bxe6 27. Rxe6+ Ne7 28. Qxd5 Rh7 29. a3 Qc5 30. Qd7+ Kf7 31. Re2 Rh6 32. Rde1 Rc1 33. Rxe7+ Kg6 34. Qe6# 1-0

[Event "December 5 Late 2023"]
[Site "https://www.chess.com"]
[Date "2023.12.05"]
[Round "4"]
[White "Bressy, Theo"]
[Black "Vazquez, Facundo"]
[Result "0-1"]
[Board "56"]
[TimeControl "180+1"]
[WhiteFideId "26022842"]
[BlackFideId "3007669"]
[WhiteElo "2524"]
[BlackElo "2715"]
[WhiteTeam "FRA"]
[BlackTeam "URU"]
[WhiteClock "0:00:00"]
[BlackClock "0:00:20"]

1. e4 c5 2. a3 d6 3. b4 cxb4 4. axb4 d5 5. exd5 Qxd5 6. Nc3 Qe6+ 7. Qe2 Qxe2+ 8. Bxe2 Nf6 9. Nb5 Kd8 10. Nf3 a6 11. Ng5 Be6 12. Nxe6+ fxe6 13. Bb2 Nc6 14. Nd4 Nxd4 15. Bxd4 Nd7 16. Bg4 e5 17. Bc3 Nf6 18. Be6 e4 19. O-O g6 20. Rfe1 Bh6 21. b5 Kc7 22. Be5+ Kb6 23. bxa6 Rxa6 24. Reb1+ Kc5 25. Rxa6 bxa6 26. d4+ exd3 27. cxd3 Rd8 28. d4+ Rxd4 29. Bxd4+ Kxd4 30. Ra1 Ke5 31. Bc4 Bd2 32. Bxa6 Bb4 33. Rb1 Bc5 34. Re1+ Kd6 35. h3 e5 36. Bc4 Bd4 37. g3 g5 38. Kg2 h5 39. Bf7 h4 40. g4 Nd7 41. Kf3 Nc5 42. Re2 Nd3 43. Bg6 Nf4 44. Ke4 Nxe2 45. Kf5 Nf4 46. Kxg5 Nxg6 47. Kxg6 Bxf2 48. Kf5 Kd5 49. g5 Bc5 50. g6 Bf8 0-1

[Event "December 5 Late 2023"]
[Site "https://www.chess.com"]
[Date "2023.12.05"]
[Round "4"]
[White "Djokic, Mihailo"]
[Black "Krzywda, Andrzej"]
[Result "1/2-1/2"]
[Board "57"]
[TimeControl "180+1"]
[WhiteFideId "976440"]
[BlackFideId "1114565"]
[WhiteElo "2714"]
[BlackElo "2523"]
[WhiteTeam "SRB"]
[BlackTeam "POL"]
[WhiteClock "0:00:58"]
[BlackClock "0:00:05"]

1. e4 e5 2. Nf3 Nf6 3. Nc3 Bb4 4. Nxe5 O-O 5. Nd3 Bxc3 6. dxc3 Nxe4 7. Be2 Re8 8. O-O d6 9. Re1 Nd7 10. Be3 b6 11. Bf3 Bb7 12. Nf4 Ndf6 13. Bd4 Rb8 14. Qd3 c5 15. Bxf6 Nxf6 16. Rxe8+ Qxe8 17. Bxb7 Rxb7 18. Qxd6 Rd7 19. Qc6 Rd1+ 20. Rxd1 Qxc6 21. c4 g6 22. f3 Qa4 23. b3 Qxa2 24. Rd2 Qa1+ 25. Kf2 Qc3 26. Ke1 Qe5+ 27. Ne2 Qxh2 28. Kf2 Qe5 29. Rd3 h5 30. Re3 Qb2 31. Rc3 h4 32. Ke3 Nh5 33. Kd2 Qa1 34. Nc1 Nf4 35. Re3 Qd4+ 36. Nd3 Nxd3 37. Re8+ Kg7 38. cxd3 Qf2+ 39. Re2 Qg3 40. Kc3 h3 41. gxh3 Qxf3 42. Rd2 Qf6+ 43. d4 cxd4+ 44. Rxd4 g5 45. b4 Kg6 46. c5 bxc5 47. bxc5 Qf3+ 48. Kc4 Qxh3 49. Rd6+ Kg7 50. c6 Qg4+ 51. Rd4 Qe6+ 52. Kc5 Qe5+ 53. Rd5 Qc7 54. Rd7 Qb6+ 55. Kd6 Qb4+ 56. Kd5 g4 57. c7 Qd2+ 58. Kc6 Qc3+ 59. Kb7 Qb4+ 60. Ka8 Qe4+ 61. Kb8 Qb4+ 62. Ka8 Qc5 63. Kb8 Qb6+ 64. Kc8 g3 65. Rd2 Qe6+ 66. Kb7 Qb6+ 67. Kc8 f5 68. Kd7 Qb5+ 69. Kd8 Qb6 70. Kd7 Qe3 71. Rd6 Qc5 72. Rc6 Qd5+ 73. Rd6 Qc5 74. Rc6 Qd5+ 75. Rd6 Qb5+ 76. Kd8 Qe5 77. Rd7+ Kg6 78. c8=Q g2 79. Qc6+ Qf6+ 80. Qxf6+ Kxf6 81. Rd6+ Ke5 82. Rg6 f4 83. Rxg2 Ke4 84. Kc7 f3 85. Rg4+ Ke3 86. Ra4 f2 87. Ra3+ Ke2 88. Ra2+ Ke1 89. Ra1+ Ke2 90. Ra2+ Ke3 91. Ra1 a5 92. Kb6 a4 93. Kb5 a3 94. Kb4 a2 95. Kb3 Ke2 96. Rxa2+ Ke1 97. Ra1+ Ke2 98. Ra2+ Ke1 99. Ra8 f1=Q 100. Ra1+ Ke2 101. Rxf1 Kxf1 1/2-1/2

[Event "December 5 Late 2023"]
[Site "https://www.chess.com"]
[Date "2023.12.05"]
[Round "4"]
[White "Schnaider, Ilan"]
[Black "Tikhonov, Viacheslav"]
[Result "0-1"]
[Board "58"]
[TimeControl "180+1"]
[WhiteFideId "169013"]
[BlackFideId "44196407"]
[WhiteElo "2713"]
[BlackElo "2522"]
[WhiteTeam "ARG"]
[BlackTeam "RUS"]
[WhiteClock "0:00:24"]
[BlackClock "0:00:24"]

1. Nf3 g6 2. g3 Bg7 3. Bg2 Nf6 4. O-O O-O 5. d4 d5 6. c4 c6 7. Nbd2 Bf5 8. Re1 Ne4 9. Qb3 Qb6 10. c5 Qxb3 11. axb3 Nd7 12. b4 a6 13. Nb3 e5 14. e3 Bg4 15. h3 Bxf3 16. Bxf3 Rfe8 17. Bxe4 dxe4 18. Bd2 exd4 19. exd4 Nf6 20. Bc3 Nd5 21. Nd2 f5 22. Nc4 Re7 23. Nd6 Rd8 24. Rad1 Red7 25. Nc4 Re8 26. Kg2 Re6 27. Re2 Bf6 28. Rde1 Bd8 29. f3 exf3+ 30. Kxf3 Rxe2 31. Rxe2 Bc7 32. Re8+ Kf7 33. Rc8 Ke6 34. Re8+ Kf7 35. Rh8 Kg7 36. Rc8 Kf7 37. Ra8 Re7 38. Rh8 Kg7 39. Rc8 h6 40. h4 g5 41. hxg5 hxg5 42. Bd2 g4+ 43. Kf2 Rd7 44. Bg5 Kf7 45. Rh8 Nf6 46. Bf4 Bxf4 47. gxf4 Rxd4 48. Nd6+ Ke6 49. Nxb7 Rxf4+ 50. Kg3 Rxb4 51. Nd8+ Kd5 52. Rh6 Ne4+ 53. Kf4 Nxc5+ 54. Kxf5 Rxb2 55. Kxg4 Rb6 56. Rh5+ Kc4 57. Nf7 Nd3 58. Nd6+ Kc3 59. Ne4+ Kc2 60. Rh2+ Kb3 61. Kf5 Rb5+ 62. Ke6 Nc5+ 63. Nxc5+ Rxc5 64. Kd6 Rc4 65. Rh5 Kb4 66. Rh1 a5 67. Rb1+ Ka4 68. Ra1+ Kb4 69. Rb1+ Kc3 70. Rc1+ Kb3 71. Rb1+ Kc2 72. Ra1 a4 73. Rh1 Kb2 74. Rh2+ Rc2 75. Rh8 a3 76. Rb8+ Ka1 77. Ra8 a2 78. Rb8 Rb2 79. Rh8 Kb1 80. Rh1+ Kc2 81. Rh2+ Kb3 82. Rh3+ Kb4 83. Rh4+ Kb5 84. Rh5+ Kc4 85. Rh4+ Kb3 86. Rh3+ Kb4 87. Rh4+ Ka3 88. Rh3+ Rb3 89. Rh1 Rb1 90. Rh3+ Kb2 91. Rh2+ Kb3 92. Rh3+ Kc4 93. Rh4+ Kd3 94. Rh3+ Ke4 95. Rh4+ Kf5 96. Rh5+ Kg4 97. Ra5 a1=Q 98. Rxa1 Rxa1 99. Kxc6 Re1 100. Kb5 Kf3 101. Kc4 Re2 102. Kc3 Re3+ 103. Kd4 Re4+ 104. Kc3 Kf4 105. Kd2 Ke5 106. Kd3 Rd4+ 107. Kc3 Kd5 108. Kb3 Kc5 109. Kc3 Kd5 110. Kb3 Rc4 111. Kb2 Kd4 112. Kb3 Kd3 113. Kb2 Rc3 114. Kb1 Rc2 115. Ka1 Kc3 116. Kb1 Kb3 117. Ka1 Rc1# 0-1

[Event "December 5 Late 2023"]
[Site "https://www.chess.com"]
[Date "2023.12.05"]
[Round "4"]
[White "Rogov, Matfey"]
[Black "Bolourchifard, Farzad"]
[Result "0-1"]
[Board "59"]
[TimeControl "180+1"]
[WhiteFideId "44191308"]
[BlackFideId "12510084"]
[WhiteElo "2521"]
[BlackElo "2711"]
[WhiteTeam "RUS"]
[BlackTeam "IRI"]
[WhiteClock "0:00:00"]
[BlackClock "0:00:18"]

1. e4 e5 2. Nf3 Nc6 3. Bb5 a6 4. Ba4 Nf6 5. Qe2 d6 6. d4 Bd7 7. c3 b5 8. Bb3 h6 9. a4 Rb8 10. axb5 axb5 11. O-O g6 12. Rd1 Bg7 13. dxe5 dxe5 14. Be3 O-O 15. Bc5 Re8 16. Na3 Na5 17. Ba2 Qc8 18. b4 Nb7 19. Ba7 Ra8 20. Nxb5 Bxb5 21. Qxb5 Nd6 22. Qc6 Ndxe4 23. Be3 Nd6 24. h3 Kh7 0-1

[Event "December 5 Late 2023"]
[Site "https://www.chess.com"]
[Date "2023.12.05"]
[Round "4"]
[White "Petukhov, Dmitry"]
[Black "Rosen, Eric"]
[Result "1-0"]
[Board "60"]
[TimeControl "180+1"]
[WhiteFideId "4142748"]
[BlackFideId "2032562"]
[WhiteElo "2519"]
[BlackElo "2710"]
[WhiteTeam "RUS"]
[BlackTeam "USA"]
[WhiteClock "0:00:14"]
[BlackClock "0:00:03"]

1. e4 c5 2. c3 d5 3. exd5 Qxd5 4. d4 Nf6 5. Nf3 e6 6. Be2 Nc6 7. O-O Be7 8. Be3 cxd4 9. cxd4 O-O 10. Nc3 Qd6 11. Qb3 Nb4 12. Rfd1 b6 13. Ne5 Bb7 14. a3 Nbd5 15. Bf3 Rac8 16. Nb5 Qb8 17. Rac1 Rfd8 18. h3 a6 19. Nc3 b5 20. Ne4 Rxc1 21. Bxc1 Nxe4 22. Bxe4 Nf6 23. Bb1 Bd5 24. Qg3 Be4 25. Bf4 Qb7 26. Ba2 Nh5 27. Qg4 Nxf4 28. Qxf4 Bf6 29. Ng4 Bxd4 30. Qg5 Bxf2+ 31. Nxf2 Rxd1+ 32. Nxd1 h6 33. Qd2 a5 34. Nf2 Bc6 35. Ng4 b4 36. axb4 axb4 37. Bb3 Qb6+ 38. Kh1 Qc5 39. Bc2 Qe7 40. Ne5 Bd5 41. b3 g6 42. Qd3 Kg7 43. Nxg6 fxg6 44. Qxg6+ Kf8 45. Qxh6+ Ke8 46. Qg6+ Kd7 47. Bd3 Kd6 48. Bb5 Kc5 49. Ba4 Qh4 50. Qc2+ Kd6 51. Qe2 Qxh3+ 52. Kg1 Qg3 53. Qf2 Qe5 54. Qb6+ Ke7 55. Qc5+ Kf6 56. Qxb4 Qe1+ 57. Qxe1 Ke7 58. Qb4+ Kf6 59. Qd4+ Ke7 60. Bb5 Bxb3 61. Bc4 Bc2 62. Qc5+ Kf6 63. Bxe6 Bd3 64. Qd4+ Kg5 65. Qxd3 Kh4 66. Qf5 Kg3 67. Qg4# 1-0

[Event "December 5 Late 2023"]
[Site "https://www.chess.com"]
[Date "2023.12.05"]
[Round "4"]
[White "Pasti, Aron"]
[Black "Zeltsan, Joseph"]
[Result "0-1"]
[Board "61"]
[TimeControl "180+1"]
[WhiteFideId "785857"]
[BlackFideId "30932980"]
[WhiteElo "2515"]
[BlackElo "2708"]
[WhiteTeam "HUN"]
[BlackTeam "USA"]
[WhiteClock "0:00:00"]
[BlackClock "0:00:13"]

1. e4 e5 2. Nf3 Nc6 3. Bb5 Nf6 4. d3 Bc5 5. c3 O-O 6. O-O Re8 7. Bg5 h6 8. Bh4 g5 9. Bg3 d6 10. d4 exd4 11. cxd4 Bb4 12. a3 Ba5 13. b4 Bb6 14. d5 Ne7 15. Bxe8 Qxe8 16. Nbd2 Ng6 17. Re1 Bg4 18. Qc2 Qd7 19. Rad1 Re8 20. Qd3 h5 21. h3 h4 22. Bh2 Bh5 23. Nc4 g4 24. Nxb6 axb6 25. hxg4 Qxg4 26. Rc1 h3 27. Bg3 hxg2 28. Nh2 Qh3 29. Rxc7 Ng4 30. Qf3 Nh4 31. Qf4 Nxh2 32. Qg5+ Bg6 0-1

[Event "December 5 Late 2023"]
[Site "https://www.chess.com"]
[Date "2023.12.05"]
[Round "4"]
[White "Wafa, Hamed"]
[Black "Dobre, Claudiu-Cristian"]
[Result "1-0"]
[Board "62"]
[TimeControl "180+1"]
[WhiteFideId "10628452"]
[BlackFideId "1211854"]
[WhiteElo "2705"]
[BlackElo "2500"]
[WhiteTeam "EGY"]
[BlackTeam "ROU"]
[WhiteClock "0:01:31"]
[BlackClock "0:00:00"]

1. e4 Nc6 2. d4 d5 3. exd5 Qxd5 4. Nf3 e5 5. c4 Qe4+ 6. Be2 Nxd4 7. Nxd4 Qxd4 8. Qc2 Bb4+ 9. Nc3 Ne7 10. O-O O-O 11. Nb5 Qb6 12. a3 Bc5 13. b4 Bd4 14. c5 Qc6 15. Nxd4 exd4 16. Bf3 Qg6 17. Qd1 Nc6 18. Bxc6 Qxc6 19. Qxd4 Bf5 20. Bb2 Qg6 21. Rad1 h5 22. Qf4 c6 23. Rd6 Qg4 24. Qxg4 Bxg4 25. f3 Be6 26. f4 Rfe8 27. Re1 Bf5 28. Re5 Rxe5 29. fxe5 Re8 30. Kf2 Kf8 31. Ke3 Ke7 32. Kf4 g6 33. Bd4 Rd8 34. h3 Be6 35. Bf2 Rd7 36. Bh4+ Ke8 37. Kg5 1-0

[Event "December 5 Late 2023"]
[Site "https://www.chess.com"]
[Date "2023.12.05"]
[Round "4"]
[White "Keleberda, Tymur"]
[Black "Panesar Vedant"]
[Result "1/2-1/2"]
[Board "63"]
[TimeControl "180+1"]
[WhiteFideId "14174294"]
[BlackFideId "35033018"]
[WhiteElo "2493"]
[BlackElo "2705"]
[WhiteTeam "CAN"]
[BlackTeam "IND"]
[WhiteClock "0:00:04"]
[BlackClock "0:00:08"]

1. e4 e5 2. Nf3 Nc6 3. Bc4 Bc5 4. c3 Nf6 5. d4 exd4 6. e5 d5 7. Bb5 Ne4 8. cxd4 Bb6 9. Nc3 Bg4 10. Be3 O-O 11. h3 Bh5 12. Qc2 Ba5 13. O-O Bxf3 14. gxf3 Ng5 15. Qf5 Bxc3 16. bxc3 Ne6 17. Bd3 g6 18. Qg4 f5 19. exf6 Qxf6 20. c4 Nexd4 21. f4 dxc4 22. Bxc4+ Kg7 23. Qd7+ Kh8 24. Qxc7 Qf5 25. Rad1 Rad8 26. Kh2 Rd7 27. Bxd4+ Nxd4 28. Qe5+ Qxe5 29. fxe5 Nf3+ 30. Kg3 Nxe5 31. Rxd7 Nxd7 32. Bd5 b6 33. Re1 Nf6 34. Bf3 Re8 35. Rc1 Re7 36. Rc8+ Kg7 37. a4 Ne8 38. a5 bxa5 39. Rc5 a4 40. Ra5 Nd6 41. Rxa4 Nf5+ 42. Kg2 Kf6 43. h4 h5 44. Ra6+ Kg7 45. Ra4 Rc7 46. Be4 Nxh4+ 47. Kg3 Nf5+ 48. Bxf5 gxf5 49. Kf4 Rf7 50. Kg5 Kf8 51. f4 Ke7 52. Kxh5 Ke6 53. Kg6 Rf6+ 54. Kg5 Rf7 55. Ra6+ Kd5 56. Kg6 Rf8 57. Ra4 Ra8 58. Kxf5 a5 59. Kf6 Kc5 60. f5 Kb5 61. Ra2 a4 62. Ke7 Ra7+ 63. Ke6 Ra6+ 64. Ke7 Kb4 65. f6 Ra7+ 66. Ke6 Ra6+ 67. Ke7 Ra7+ 68. Ke6 Kb3 69. Ra1 Ra6+ 70. Ke7 Ra7+ 71. Ke6 a3 72. f7 Ra6+ 73. Ke7 Ra7+ 74. Ke6 Ra8 75. Rxa3+ Kxa3 76. Ke7 Ra7+ 77. Ke8 Kb3 78. f8=Q Ra8+ 79. Ke7 Rxf8 80. Kxf8 1/2-1/2

[Event "December 5 Late 2023"]
[Site "https://www.chess.com"]
[Date "2023.12.05"]
[Round "4"]
[White "Annaberdiyev, Meylis"]
[Black "Uryupin, Igor"]
[Result "1-0"]
[Board "64"]
[TimeControl "180+1"]
[WhiteFideId "14000563"]
[BlackFideId "4182529"]
[WhiteElo "2697"]
[BlackElo "2491"]
[WhiteTeam "TKM"]
[BlackTeam "RUS"]
[WhiteClock "0:00:02"]
[BlackClock "0:00:05"]

1. e4 e6 2. d4 d5 3. e5 c5 4. Nf3 Qb6 5. Bd3 c4 6. Be2 Ne7 7. O-O Nf5 8. c3 h5 9. h4 Be7 10. g3 Nc6 11. Qc2 Bd7 12. Bf4 Rc8 13. Nbd2 Qd8 14. Rfe1 b5 15. Bf1 Qb6 16. Bh3 g6 17. Bg5 a6 18. Bxf5 exf5 19. Nf1 Be6 20. Ne3 a5 21. a3 Bxg5 22. Nxg5 Ne7 23. Ng2 O-O 24. Nf4 Kg7 25. Qd2 Rc6 26. Kg2 Qd8 27. a4 Qb6 28. axb5 Qxb5 29. Ra2 Rb8 30. Rea1 a4 31. Rxa4 Qxb2 32. Qxb2 Rxb2 33. Ra7 Kf8 34. Nh7+ Ke8 35. Nf6+ Kf8 36. Nxe6+ Rxe6 37. Rd7 Rb8 38. Raa7 f4 39. gxf4 Rc8 40. f5 gxf5 41. Kf3 Rb8 42. Kf4 Rb2 43. Kf3 Rc2 44. Ra8+ Kg7 45. Nxh5+ Kh6 46. Rh8+ Kg6 47. Nf4+ Kg7 48. Nxe6+ Kxh8 49. Rxe7 fxe6 50. Kf4 Rxf2+ 51. Kg5 Rg2+ 52. Kh6 f4 53. Rxe6 f3 54. Rf6 Rg3 55. Rf8+ Rg8 56. Rf7 Ra8 57. e6 Kg8 58. Rxf3 Ra7 59. Kg6 Rg7+ 60. Kf6 Kf8 61. Rf5 Rh7 62. Rxd5 Rxh4 63. Rd8# 1-0

[Event "December 5 Late 2023"]
[Site "https://www.chess.com"]
[Date "2023.12.05"]
[Round "4"]
[White "Wu, Derek"]
[Black "Djabri, Massinas"]
[Result "1-0"]
[Board "65"]
[TimeControl "180+1"]
[WhiteFideId "30914558"]
[BlackFideId "7905726"]
[WhiteElo "2694"]
[BlackElo "2465"]
[WhiteTeam "USA"]
[BlackTeam "ALG"]
[WhiteClock "0:00:22"]
[BlackClock "0:00:00"]

1. e4 c5 2. Nf3 d6 3. d4 cxd4 4. Nxd4 Nf6 5. Nc3 a6 6. Qe2 e5 7. Nf5 Bxf5 8. exf5 h6 9. f4 Nc6 10. Be3 Qa5 11. O-O-O Be7 12. g4 exf4 13. Bxf4 O-O 14. h4 Rfe8 15. Qg2 Bf8 16. Kb1 d5 17. g5 Ne4 18. Nxd5 Rad8 19. Bc4 Qc5 20. Bb3 Nd4 21. Be3 Rxd5 22. Bxd5 Qxd5 23. Rhg1 Qb5 24. Bxd4 Ba3 25. c4 Qxc4 26. bxa3 1-0

[Event "December 5 Late 2023"]
[Site "https://www.chess.com"]
[Date "2023.12.05"]
[Round "4"]
[White "Hambleton, Aman"]
[Black "Kraiouchkine, Nikita"]
[Result "1-0"]
[Board "66"]
[TimeControl "180+1"]
[WhiteFideId "2606577"]
[BlackFideId "2607140"]
[WhiteElo "2692"]
[BlackElo "2463"]
[WhiteTeam "CAN"]
[BlackTeam "CAN"]
[WhiteClock "0:00:06"]
[BlackClock "0:00:04"]

1. d4 d5 2. Bf4 Nf6 3. e3 e6 4. Nf3 b6 5. c3 Bb7 6. Bd3 Nbd7 7. Nbd2 Ne4 8. Ne5 Nxe5 9. Bxe5 Bd6 10. Bxd6 Qxd6 11. Nxe4 dxe4 12. Bb5+ c6 13. Be2 O-O 14. O-O Rad8 15. Qa4 a5 16. Qc2 c5 17. Rfd1 Qc7 18. dxc5 Qxc5 19. c4 f5 20. g3 Qe5 21. Rxd8 Rxd8 22. Rd1 Qc7 23. Rxd8+ Qxd8 24. Qc3 Qd6 25. h4 Kf7 26. Kf1 Bc6 27. Ke1 Qc5 28. Kd2 Qd6+ 29. Kc2 e5 30. b3 f4 31. Kb2 Qf6 32. Qe1 Bd7 33. a3 Ke7 34. Bd1 Bf5 35. b4 Qc6 36. Bb3 a4 37. Ba2 b5 38. Qc3 Kf6 39. gxf4 Qd6 40. c5 Qd1 41. Qxe5+ Kg6 42. Bf7+ Kh6 43. Qd6+ Qxd6 44. cxd6 Bd7 45. Kc3 g6 46. Kd4 Kg7 47. Bd5 Kf6 48. Kc5 Kf5 49. Bc6 Be6 50. d7 Bxd7 51. Bxd7+ Kf6 52. Bxb5 1-0

[Event "December 5 Late 2023"]
[Site "https://www.chess.com"]
[Date "2023.12.05"]
[Round "4"]
[White "Rama, Tejas"]
[Black "Kanakaris, Georgios"]
[Result "0-1"]
[Board "67"]
[TimeControl "180+1"]
[WhiteFideId "30907381"]
[BlackFideId "4209460"]
[WhiteElo "2460"]
[BlackElo "2683"]
[WhiteTeam "USA"]
[BlackTeam "GRE"]
[WhiteClock "0:00:05"]
[BlackClock "0:00:15"]

1. d4 Nf6 2. c4 g6 3. Nf3 Bg7 4. Nc3 O-O 5. e4 d6 6. Be2 e5 7. Be3 Ng4 8. Bg5 f6 9. Bc1 Nh6 10. c5 Nc6 11. cxd6 exd4 12. Nxd4 Qxd6 13. Nxc6 Qxc6 14. O-O Be6 15. Bb5 Qc5 16. Be3 Qe7 17. Nd5 Qf7 18. Nf4 Bc4 19. Bxc4 Qxc4 20. Rc1 Qf7 21. Qa4 Ng4 22. Bc5 Rfe8 23. Rfd1 c6 24. f3 Bh6 25. g3 Ne5 26. Kg2 b6 27. Be3 c5 28. Rd6 Rad8 29. Rcd1 Rxd6 30. Rxd6 Nc4 31. Rxf6 Nxe3+ 32. Kf2 Nd1+ 33. Ke2 Nxb2 34. Qc6 Qe7 35. Re6 Bxf4 36. Rxe7 Rxe7 37. Qa8+ Kf7 38. gxf4 Rd7 39. Qc6 Ke7 40. e5 Nc4 41. Qc8 Rd8 42. Qc7+ Rd7 43. Qc8 Na5 44. Qh8 c4 45. Qxh7+ Ke6 46. Qxg6+ Kd5 47. Qe4+ Kc5 48. Qe3+ Kb4 49. e6 Re7 50. a3+ Ka4 51. f5 Nb3 52. f6 Rxe6 53. f7 Rxe3+ 54. Kxe3 c3 55. f8=Q a5 56. Qe8+ Kxa3 57. Qc6 Kb2 58. Qxb6 c2 59. Qf6+ Kb1 60. Qc3 c1=Q+ 61. Qxc1+ Kxc1 62. h4 a4 63. h5 a3 64. h6 a2 0-1

[Event "December 5 Late 2023"]
[Site "https://www.chess.com"]
[Date "2023.12.05"]
[Round "4"]
[White "Amburgy, Ryan"]
[Black "Topalov, Aleksandar"]
[Result "1-0"]
[Board "68"]
[TimeControl "180+1"]
[WhiteFideId "30924820"]
[BlackFideId "925659"]
[WhiteElo "2673"]
[BlackElo "2454"]
[WhiteTeam "USA"]
[BlackTeam "SRB"]
[WhiteClock "0:00:19"]
[BlackClock "0:00:03"]

1. d4 Nf6 2. Nc3 d5 3. Bf4 Bf5 4. f3 h5 5. e3 c6 6. Bd3 Bxd3 7. cxd3 e6 8. Nge2 Bd6 9. O-O Bxf4 10. Nxf4 Nbd7 11. Rc1 O-O 12. Qe2 Re8 13. Qf2 e5 14. dxe5 Nxe5 15. d4 Nc4 16. Rfe1 Nd6 17. Rc2 Qd7 18. Rce2 Qf5 19. Qg3 g5 20. Nxh5 Nxh5 21. Qxd6 g4 22. e4 Qg5 23. fxg4 Qxg4 24. Re3 Re6 25. Qd7 Rae8 26. Rf1 R8e7 27. Qc8+ Kg7 28. e5 Qxd4 29. Rf3 Rxe5 30. Ne2 Qb6 31. Qg4+ Kh7 32. Nd4 Rxe3 33. Qxh5+ Kg8 34. Rxe3 Rxe3 35. Qg5+ Kf8 36. Qxe3 Qxb2 37. h4 Qxa2 38. h5 Qb1+ 39. Kh2 Qh7 40. Qg5 Qe4 41. Nf5 Qe5+ 42. Kh3 Qc3+ 43. g3 Qe5 44. Qd8+ Qe8 45. Qxe8+ Kxe8 46. h6 Kf8 47. h7 1-0

[Event "December 5 Late 2023"]
[Site "https://www.chess.com"]
[Date "2023.12.05"]
[Round "4"]
[White "Della Morte, German"]
[Black "Atanasov, Anthony"]
[Result "1-0"]
[Board "69"]
[TimeControl "180+1"]
[WhiteFideId "113522"]
[BlackFideId "2623897"]
[WhiteElo "2447"]
[BlackElo "2660"]
[WhiteTeam "ARG"]
[BlackTeam "CAN"]
[WhiteClock "0:01:38"]
[BlackClock "0:00:00"]

1. e4 c5 2. Nc3 d6 3. g3 Nc6 4. Bg2 e6 5. d3 Nf6 6. f4 d5 7. e5 Nd7 8. Nf3 Be7 9. O-O b6 10. Rb1 Bb7 11. Ne2 Qc7 12. c3 h5 13. d4 b5 14. Be3 c4 15. b3 Nb6 16. b4 a5 17. a3 Na4 18. Qc2 g6 19. Ng5 Ba6 20. Bh3 Bc8 21. Nxe6 Bxe6 22. Bxe6 fxe6 23. Qxg6+ Kd8 24. Qxe6 Qd7 25. Qxd7+ Kxd7 26. f5 Nd8 27. Bd2 Kc6 28. Kg2 axb4 29. axb4 Ra6 30. f6 Bf8 31. Nf4 Bh6 32. Ng6 Bxd2 33. Nxh8 Nxc3 34. f7 Nxf7 35. Rf6+ Kc7 36. Rxa6 Nxb1 37. Nxf7 Bxb4 38. e6 c3 39. Ne5 1-0

[Event "December 5 Late 2023"]
[Site "https://www.chess.com"]
[Date "2023.12.05"]
[Round "4"]
[White "Thomforde-Toates, Noah"]
[Black "Adamczyk, Zuzanna"]
[Result "1-0"]
[Board "70"]
[TimeControl "180+1"]
[WhiteFideId "30951992"]
[BlackFideId "1187570"]
[WhiteElo "2658"]
[BlackElo "2441"]
[WhiteTeam "USA"]
[BlackTeam "POL"]
[WhiteClock "0:01:24"]
[BlackClock "0:00:12"]

1. d4 Nf6 2. Nc3 e6 3. Bf4 Bb4 4. e3 Bxc3+ 5. bxc3 O-O 6. Bd3 b6 7. e4 Ba6 8. e5 Nd5 9. Bd2 Bxd3 10. cxd3 c5 11. dxc5 bxc5 12. Nf3 Nc6 13. O-O Rb8 14. Re1 Qb6 15. Qa4 Qb2 16. Qg4 Nce7 17. h4 Nxc3 18. h5 Ne2+ 19. Kh2 Nd4 20. Bh6 g6 21. Bxf8 Rxf8 22. Nxd4 cxd4 23. f3 Nf5 24. Rab1 Qxa2 25. Rb7 Ne3 26. Qg3 Nf5 27. Qh3 Qf2 28. Reb1 a5 29. hxg6 hxg6 30. Rb8 Kg7 31. Rxf8 Kxf8 32. Qh8+ Ke7 33. Qf6+ Kf8 34. Rb8# 1-0

[Event "December 5 Late 2023"]
[Site "https://www.chess.com"]
[Date "2023.12.05"]
[Round "4"]
[White "Arnold, Ken"]
[Black "Apoorv Kamble"]
[Result "0-1"]
[Board "71"]
[TimeControl "180+1"]
[WhiteFideId "2056836"]
[BlackFideId "25683012"]
[WhiteElo "2440"]
[BlackElo "2655"]
[WhiteTeam "USA"]
[BlackTeam "IND"]
[WhiteClock "0:00:06"]
[BlackClock "0:01:14"]

1. d4 Nf6 2. Nf3 e6 3. g3 b5 4. Bg2 d5 5. O-O Be7 6. a4 b4 7. Nbd2 O-O 8. Nb3 Na6 9. Bf4 c5 10. dxc5 Nxc5 11. Nxc5 Bxc5 12. Ne5 Bb7 13. Nd3 Be7 14. a5 Bc6 15. Qe1 b3 16. c4 Rc8 17. Ne5 Ba8 18. cxd5 Nxd5 19. Rd1 f6 20. Ng4 Qe8 21. Bd2 Qa4 22. e4 Nb4 23. Bc3 Nc2 24. Qe2 Bc6 25. Ne3 Bb5 26. Qg4 Nxe3 27. Qxe6+ Kh8 28. fxe3 Bxf1 29. Rxf1 Rxc3 30. bxc3 Bc5 31. Rb1 b2 32. Qd5 Bxe3+ 33. Kh1 Qc2 34. Qd1 Qxc3 35. e5 fxe5 36. Be4 Qc1 37. Kg2 Rf2+ 38. Kh3 Qc8+ 39. g4 h5 40. Bf5 Rxf5 41. gxf5 Qxf5+ 42. Kg2 Qe4+ 43. Kf1 Qf5+ 44. Ke1 Qf2# 0-1

[Event "December 5 Late 2023"]
[Site "https://www.chess.com"]
[Date "2023.12.05"]
[Round "4"]
[White "Zavgorodniy, Sergiy"]
[Black "Bogaudinov, Rushan"]
[Result "1-0"]
[Board "72"]
[TimeControl "180+1"]
[WhiteFideId "14110148"]
[BlackFideId "4129288"]
[WhiteElo "2654"]
[BlackElo "2439"]
[WhiteTeam "UKR"]
[BlackTeam "RUS"]
[WhiteClock "0:00:42"]
[BlackClock "0:00:00"]

1. d4 Nf6 2. c4 e6 3. Nf3 b6 4. g3 Bb7 5. Bg2 Bb4+ 6. Nbd2 O-O 7. O-O d5 8. b3 Nbd7 9. Bb2 a5 10. a3 Bxd2 11. Nxd2 c5 12. e3 cxd4 13. Bxd4 Rb8 14. Qe2 Ba6 15. Rfc1 Re8 16. b4 dxc4 17. Nxc4 e5 18. Bb2 Qe7 19. Qf3 e4 20. Qf5 axb4 21. axb4 Bxc4 22. Rxc4 b5 23. Rd4 Ne5 24. Rad1 Nc4 25. Bc3 g6 26. Qg5 Qe5 27. Qxe5 Nxe5 28. Rd6 Kg7 29. Kf1 Rbc8 30. Bd4 Rc6 31. Bxe5 Rxd6 32. Bxd6 h5 33. Bc5 Ng4 34. h3 Nf6 35. Bd4 g5 36. Rc1 Re6 37. Rc5 Kg6 38. Bxf6 Kxf6 39. Rxb5 Kg6 40. Rc5 f5 41. b5 Re7 42. Rc6+ Kf7 43. b6 Re5 44. Kg1 Rb5 45. Rc7+ Kf6 46. b7 Rb1+ 47. Kh2 g4 48. hxg4 hxg4 49. Bf1 Rb2 50. Ba6 Rxf2+ 51. Kg1 Rb2 52. Rc8 f4 53. b8=Q Rxb8 54. Rxb8 f3 55. Kf2 1-0